 Dungeon Crawl Stone Soup version 0.28.0-53-g5a82cb258f (webtiles) character file.

Game seed: 9210419279008134278

120 Zeld the Chopper (level 4, -2/41 HPs)
             Began as a Minotaur Berserker on May 23, 2022.
             Was a Believer of Trog.
             Killed by divine providence
             ... invoked by an orc priest
              (9 damage)
             ... on level 4 of the Dungeon.
             The game lasted 00:02:11 (2157 turns).

Zeld the Chopper (Minotaur Berserker)               Turns: 2157, Time: 00:02:12

Health: -2/41      AC:  2    Str: 23    XL:     4   Next: 75%
Magic:  3/3        EV: 12    Int:  4    God:    Trog [**....]
Gold:   98         SH:  0    Dex: 10    Spells: 3/3 levels left

rFire   . . .      SeeInvis .   a - +0 hand axe
rCold   . . .      Faith    .   (no shield)
rNeg    . . .      Spirit   .   b - +0 animal skin
rPois   .          Reflect  .   (helmet restricted)
rElec   .          Harm     .   (no cloak)
rCorr   .          Rampage  .   (no gloves)
Will    .....                   (no boots)
Stlth   +.........              (no amulet)
HPRegen 0.13/turn               (no ring)
MPRegen 0.08/turn               (no ring)

@: no status effects
A: horns 2, retaliatory headbutt
a: Renounce Religion, Berserk, Trog's Hand


You were on level 4 of the Dungeon.
You worshipped Trog.
Trog was pleased with you.
You visited 1 branch of the dungeon, and saw 4 of its levels.

You collected 98 gold pieces.

Inventory:

Hand Weapons
 a - a +0 hand axe (weapon)
Armour
 b - a +0 animal skin (worn)
Jewellery
 m - a +6 ring of strength
Wands
 j - a wand of paralysis (8)
Scrolls
 d - a scroll of acquirement {unknown}
 f - 2 scrolls of magic mapping {unknown}
 k - a scroll of identify {unknown}
 n - a scroll of amnesia {unknown}
Potions
 c - a potion of degeneration {unknown}
 e - a potion of flight {unknown}
 g - a potion of berserk rage {unknown}
 h - a potion of invisibility {unknown}
 i - a potion of might {unknown}
 l - a potion of resistance {unknown}
 o - 2 potions of curing


   Skills:
 * Level 4.8 Fighting
 * Level 4.8 Axes
 + Level 3.3 Armour
 + Level 3.0 Dodging


You had 3 spell levels left.
You didn't know any spells.
Your spell library was empty.

Dungeon Overview and Level Annotations

Branches:
Dungeon (4/15)
 Temple: D:4-7

Altars:

Annotations:
D:3 Grinder


Innate Abilities, Weirdness & Mutations

You have a pair of horns on your head.
You reflexively headbutt those who attack you in melee.


Message History

Unknown command.
You hit Grinder.
Grinder is heavily wounded.
Grinder barely misses you.
Unknown command.
You barely miss Grinder.
Grinder is heavily wounded.
Grinder blinks!
Unknown command.
There is a stone staircase leading down here.
You climb downwards.
You hear the sound of rushing water.
There is an entrance to a sewer on this level.
Hurry and find it before the portal rusts away!
There is a stone staircase leading up here.
You start resting.
You hear the slow rusting of a very distant drain.
You start resting.
You hear the slow rusting of a very distant drain.
You start resting.
You hear the slow rusting of a very distant drain.
Found a stone staircase leading down.
Unknown command.
Found an escape hatch in the floor.
An orc wizard comes into view. It is wielding a +0 dagger.
An orc comes into view.
It is wielding a +3 flail of protection.
An orc priest comes into view. It is wielding a +0 war axe.
A centaur comes into view.
The orc wizard shouts!
The orc priest shouts!
You hear a shout!
The orc priest calls down the wrath of Beogh upon you.
Beogh smites you!
Found 27 bolts.
The centaur shouts!
The orc shouts!
You hear a shout!
The orc priest mumbles some strange prayers to Beogh against you.
Beogh smites you!
* * * LOW HITPOINT WARNING * * *
The orc wizard hits you with a +0 dagger.
* * * LOW HITPOINT WARNING * * *
The orc priest calls down the wrath of Beogh upon you.
Beogh smites you!
You die...

########
#......# #
#...<#.#.#
########.#.#####
.>.....>........
.#####@.#.#####
#o.### #.##


oc. .o..# .....# .....(# ##...... ######. You could see a centaur, an orc
priest, an orc wizard and an orc.

Vanquished Creatures
  Jessica (D:2)
  6 adders
  A worm (D:2)
  A dart slug (D:3)
  6 ball pythons
  An endoplasm (D:2)
  3 goblins
  5 hobgoblins
  3 kobolds
  2 quokkas
  4 bats
  2 frilled lizards (D:2)
  5 rats
40 creatures vanquished.

Notes
Turn   | Place    | Note
-------+----------+-------------------------------------------
     0 | D:1      | Zeld the Minotaur Berserker began the quest for the Orb.
     0 | D:1      | Reached XP level 1. HP: 19/19 MP: 0/0
   144 | D:1      | Found a faded altar of an unknown god.
   180 | D:1      | Reached XP level 2. HP: 25/27 MP: 1/1
   766 | D:2      | Reached XP level 3. HP: 27/33 MP: 2/2
   983 | D:2      | Noticed Jessica
   994 | D:2      | Killed Jessica
   995 | D:2      | Reached XP level 4. HP: 34/41 MP: 3/3
  1357 | D:2      | Reached ** piety under Trog
  1978 | D:3      | Noticed Grinder
  1986 | D:3      | Paralysed by Grinder for 4 turns
  2154 | D:4      | Noticed a centaur
  2157 | D:4      | Killed from afar by an orc priest

Illustrated notes

Levels and vault maps discovered:
D:1:      lightli_arrival_chessboard, layout_rooms,
          ebering_ecumenical_altar_abandoned, minmay_misc_feat_iff
D:2:      layout_basic, uniq_jessica
D:3:      layout_basic, corner_web_ring, uniq_grinder
D:4:      layout_basic, nicolae_overflow_crystal_walls, serial_aquarium,
          aquarium_bridge_long_joined [aquarium_subvault_bridge,
          aquarium_subvault_wall, aquarium_subvault_bridge,
          aquarium_subvault_bridge, aquarium_subvault_bridge,
          aquarium_subvault_bridge], aquarium_window_fake, aquarium_window_fake,
          aquarium_window_fake, aquarium_view_2d, gup_sewer_entry_spiral,
          serial_park_tiny_2

Skill      XL: |  1  2  3  4 |
---------------+-------------+-----
Fighting       | 4 |  4.8
Axes           | 4 |  4.8
Armour         | 3 |  3.3
Dodging        | 3 |  3.0

Action                   |  1- 3 |  4- 6 || total
-------------------------+-------+-------++-------
Melee: Hand axe          |    57 |    40 ||    97
       Headbutt          |    10 |     6 ||    16
       Punch             |     1 |       ||     1
 Stab: Sleeping          |     1 |       ||     1
Armor: Animal skin       |    11 |     4 ||    15
Dodge: Dodged            |    53 |    25 ||    78
